 Dungeon Crawl Stone Soup version 0.21-a0-518-g43a1781948 (webtiles) character file.

53 Kaname the Conjurer (level 3, -2/24 HPs)
             Began as a Demonspawn Wizard on Dec 4, 2017.
             Killed from afar by Natasha (7 damage)
             ... with a magic dart
             ... on level 2 of the Dungeon.
             The game lasted 00:02:49 (1285 turns).

Kaname the Conjurer (Demonspawn Wizard)             Turns: 1285, Time: 00:02:49

Health: -2/24      AC:  3    Str:  7    XL:     3   Next: 62%
Magic:  0/7        EV: 12    Int: 20    God:
Gold:   52         SH:  0    Dex: 11    Spells: 2/8 levels left

rFire    . . .     SeeInvis .   e - +0 mace
rCold    . . .     Gourm    .   (no shield)
rNeg     . . .     Faith    .   a - +0 robe
rPois    .         Spirit   .   b - +0 hat
rElec    .         Reflect  .   (no cloak)
rCorr    .         Harm     .   (no gloves)
MR       .....                  h - +0 pair of boots (curse)
Stlth    ++........             (no amulet)
HPRegen  0.08/turn              (no ring)
MPRegen  0.10/turn              (no ring)

@: no status effects
A: talons 1
a: no special abilities


You were on level 2 of the Dungeon.
You were not hungry.

You visited 1 branch of the dungeon, and saw 2 of its levels.

You collected 52 gold pieces.

Inventory:

Hand Weapons
 e - a +0 mace (weapon)
Armour
 a - a +0 robe (worn)
 b - a +0 hat (worn)
 h - a cursed +0 pair of boots (worn)
Potions
 g - a potion of cancellation
Books
 c - a book of Minor Magic

   Spells                             Type                      Level
   a - Magic Dart                     Conjuration                  1
   b - Blink                          Translocation                2
   c - Call Imp                       Summoning                    2
   d - Slow                           Hexes                        2
   e - Conjure Flame                  Conjuration/Fire             3
   f - Mephitic Cloud                 Conjuration/Poison/Air       3
Comestibles
 d - a bread ration


   Skills:
 - Level 1.7 Dodging
 - Level 1.7 Stealth
 - Level 3.0 Spellcasting
 - Level 3.3 Conjurations
   Level 1.0 Summonings
 - Level 0.9 Translocations
 + Level 0.7 Air Magic


You had 2 spell levels left.
You knew the following spells:

 Your Spells              Type           Power        Failure   Level  Hunger
a - Magic Dart            Conj           ###.         3%          1    None
b - Blink                 Tloc           N/A          14%         2    ##.....
c - Mephitic Cloud        Conj/Pois/Air  #.......     24%         3    ###....


Dungeon Overview and Level Annotations

Branches:
Dungeon (2/15)

Altars:
Xom
Zin

Annotations:
D:2 Natasha


Innate Abilities, Weirdness & Mutations

You have sharp toenails.


Message History

You hit Natasha.
Natasha is moderately wounded.
Natasha closely misses you.
Casting: Magic Dart
Confirm with . or Enter, or press ? or * to list all spells.
Aiming: Magic Dart
Press: ? - help, Shift-Dir - straight line, f/p - Natasha
Aim: Natasha (grey smoke, moderately wounded)
The magic dart hits Natasha.
Natasha is heavily wounded.
Natasha claws you.
* * * LOW HITPOINT WARNING * * *
You hit Natasha.
Natasha is severely wounded.
Natasha claws you but does no damage.
You closely miss Natasha.
Natasha is severely wounded.
Natasha casts a spell at you. The magic dart hits you!
You die...

#...> #.........
#.#.# #.......#
#.#.# ##.....##
#.###.#.# ##...##
#.(.....# ##'##
#####§### #.# #5#
#.# #h# ##.## #@#
##...## #§#
#.....#
#.##########...###
#...........#)....
###########.#.####
#...# ###.# #.#
#.#


You could see Natasha and a crimson imp.

Vanquished Creatures
  A gnoll (D:1)
  An adder (D:2)
  A dart slug (D:2)
  2 leopard geckos (D:2)
  5 bats
  2 giant cockroaches (D:1)
  5 hobgoblins
  4 jackals (D:1)
  A frilled lizard (D:1)
  3 goblins (D:1)
  A kobold (D:1)
  2 rats (D:1)
28 creatures vanquished.

Notes
Turn   | Place    | Note
-------+----------+-------------------------------------------
     0 | D:1      | Kaname the Demonspawn Wizard began the quest for the Orb.
     0 | D:1      | Reached XP level 1. HP: 13/13 MP: 4/4
   223 | D:1      | Gained mutation: You have sharp toenails. [demonic ancestry]
   223 | D:1      | Reached XP level 2. HP: 19/19 MP: 6/6
   884 | D:2      | Learned a level 2 spell: Blink
  1077 | D:2      | Reached XP level 3. HP: 24/24 MP: 4/7
  1132 | D:2      | Found a shimmering altar of Xom.
  1133 | D:2      | Found a glowing silver altar of Zin.
  1133 | D:2      | Noticed an angel
  1228 | D:2      | Learned a level 3 spell: Mephitic Cloud
  1259 | D:2      | Noticed Natasha
  1285 | D:2      | Killed from afar by Natasha

Vault maps used:
D:1:      saegor_arrival_simple_b, minivault_4
D:2:      grunt_temple_overflow_order_and_chaos_1, uniq_robin, uniq_natasha

Skill      XL: |  1  2 |
---------------+-------+-----
Conjurations   | 2 3 |  3.3
Dodging        | |  1.7
Stealth        | |  1.7
Spellcasting   | |  3.0
Summonings     | |  1.0
Translocations | |  0.9
Air Magic      | |  0.7

Action                   || total
-------------------------++-------
Melee: Mace              ||    59
       Kick              ||     4
 Cast: Magic Dart        ||    40
  Use: Potion            ||     3
       Scroll            ||     1
 Stab: Sleeping          ||     2
  Eat: Chunk             ||     1
Armor: Robe              ||    17
Dodge: Dodged            ||    64

Table legend:
 A = Spawn XP
 B = Non-spawn XP
 C = Spawn XP percentage of total XP
 D = Spawn monster count
 E = Non-spawn monster count
 F = Spawn count percentage of total count
 G = Total turns spent on level
                    A         B        C        D         E        F      G
               +---------+---------+-------+---------+---------+-------+---------
         Total |       0 |      76 |   0.0 |       0 |      28 |   0.0 |  1285
               +---------+---------+-------+---------+---------+-------+---------
           D:1 |       0 |      43 |   0.0 |       0 |      18 |   0.0 |   886
           D:2 |       0 |      33 |   0.0 |       0 |      10 |   0.0 |   399
               +---------+---------+-------+---------+---------+-------+---------
